 Dungeon Crawl Stone Soup version 0.30-a0-475-g03497ec522 (webtiles) character file.

Game seed: 5908634741706594261

189 zishaf the Gusty (level 5, 0/32 HPs)
             Began as a Tengu Air Elementalist on Dec 20, 2022.
             Killed by their own static electricity (3 damage)
             ... on level 3 of the Dungeon.
             The game lasted 00:03:36 (2904 turns).

zishaf the Gusty (Tengu Air Elementalist)           Turns: 2904, Time: 00:03:37

Health: 0/32       AC:  3    Str:  8    XL:     5   Next: 68%
Magic:  3/9        EV: 14    Int: 18    God:
Gold:   128        SH:  0    Dex: 14    Spells: 5/8 levels left

rFire   . . .      SeeInvis .    d - +0 short sword
rCold   . . .      Faith    .    (no shield)
rNeg    . . .      Spirit   .    a - +0 robe
rPois   .          Reflect  .    (helmet restricted)
rElec   .          Harm     .    i - +0 cloak
rCorr   .          Rampage  .    (no gloves)
Will    .....                    (boots unavailable)
Stlth   ++........               g - amulet of the acrobat
HPRegen 0.25/turn                h - ring of wizardry
MPRegen 0.11/turn                (no ring)

@: flying quickly and evasively, quick
A: beak, talons 3, nimble flight
a: no special abilities


You were on level 3 of the Dungeon.
You visited 1 branch of the dungeon, and saw 3 of its levels.

You collected 128 gold pieces.

Inventory:

Hand Weapons
 d - a +0 short sword (weapon)
Armour
 a - a +0 robe (worn)
 i - a +0 cloak (worn)
Jewellery
 g - an amulet of the acrobat (around neck)
 h - a ring of wizardry (left hand)
Wands
 k - a wand of polymorph (12)
Scrolls
 c - a scroll of enchant armour {unknown}
 j - 3 scrolls of identify {unknown}
 l - a scroll of fear {unknown}
 n - a scroll of torment {unknown}
 p - a scroll of teleportation {unknown}
Potions
 b - a potion of magic
 e - a potion of curing {unknown}
 f - a potion of cancellation {unknown}
 m - a potion of heal wounds {unknown}
 o - a potion of brilliance {unknown}
 q - a potion of attraction {unknown}
 r - 2 potions of ambrosia {unknown}
 s - a potion of mutation {unknown}


   Skills:
 + Level 2.8 Fighting
 - Level 2.1 Dodging
 - Level 2.0 Stealth
 - Level 2.0 Spellcasting
 + Level 4.2 Conjurations
 + Level 5.6 Air Magic


You had 5 spell levels left.
You knew the following spells:

 Your Spells              Type           Power      Damage    Failure   Level
a - Shock                 Conj/Air       76%        1d7       1%          1
A - Static Discharge      Conj/Air       38%        2-4/arc   1%          2

Your spell library contained the following spells:

 Spells                   Type           Power      Damage    Failure   Level
 Swiftness                Air            22%        N/A       2%          3
 Airstrike                Air            11%        2d(2-18)  7%          4


Dungeon Overview and Level Annotations

Branches:
Dungeon (3/15)

Altars:
Yredelemnul

Shops:
D:1 [   D:3 =*:


Innate Abilities, Weirdness & Mutations

You have a beak for a mouth.
You have claws for feet.
Your magical nature lets you fly swiftly and evasively.


Message History

The iguana completely misses you.
You closely miss the iguana. You claw the iguana.
The iguana is severely wounded.
The iguana bites you!
* * * LOW HITPOINT WARNING * * *
There is an open door here.
There is a stone staircase leading up here.
You fly upwards.
There is a stone staircase leading down here.
You start resting.
Magic restored.
You start resting.
HP restored.
You fly downwards.
The iguana bites you! The iguana barely misses you.
There is a stone staircase leading up here.
Casting: Static Discharge (safe; 1% risk of failure)
Confirm with . or Enter, or press ? or * to list all spells.
The iguana is struck by an arc of lightning.
The iguana is heavily wounded.
You are struck by an arc of lightning.
The iguana is struck by an arc of lightning.
The iguana is heavily wounded.
The lightning grounds out.
The iguana misses you.
Casting: Static Discharge (safe; 1% risk of failure)
Confirm with . or Enter, or press ? or * to list all spells.
The iguana is struck by an arc of lightning.
The iguana is severely wounded.
You are struck by an arc of lightning.
The lightning grounds out.
The iguana bites you!
* * * LOW HITPOINT WARNING * * *
Casting: Static Discharge (safe; 1% risk of failure)
Confirm with . or Enter, or press ? or * to list all spells.
The iguana is struck by an arc of lightning.
The iguana is almost dead.
You are struck by an arc of lightning.
* * * LOW HITPOINT WARNING * * *
The iguana is struck by an arc of lightning.
You kill the iguana!
You are struck by an arc of lightning.
You die...

... #. )....#.#####
.....#.....# ...........#
...........# ###
...........# ..#
#..........# #.#
#......†...# #.#
#.....@.#.# #.#
#########l# #.# ######
#.# #.# ##.∩.∩# #.#
#.########.....####'#####
#...........∩.∩.........#
....#########...........#
...^### #...........#
......# #.........>.#


There were no monsters in sight!

Vanquished Creatures
  Jessica (D:2)
  An iguana (D:3)
  2 orc wizards (D:3)
  4 gnolls
  2 adders (D:2)
  A dart slug (D:3)
  3 ball pythons
  4 endoplasms
  3 giant cockroaches
  8 goblins
  5 hobgoblins
  5 quokkas
  6 bats
  2 frilled lizards (D:1)
  4 kobolds (D:1)
  3 rats (D:2)
54 creatures vanquished.

Notes
Turn   | Place    | Note
-------+----------+-------------------------------------------
     0 | D:1      | zishaf the Tengu Air Elementalist began the quest for the
                  | Orb.
     0 | D:1      | Reached XP level 1. HP: 10/10 MP: 4/4
   250 | D:1      | Found Jaaxt's Antique Armour Shoppe.
   273 | D:1      | Reached XP level 2. HP: 16/16 MP: 4/6
   463 | D:1      | Reached skill level 1 in Fighting
   840 | D:1      | Reached XP level 3. HP: 20/20 MP: 5/7
  1395 | D:1      | Learned a level 2 spell: Static Discharge
  1702 | D:2      | Reached XP level 4. HP: 26/26 MP: 2/8
  1733 | D:2      | Reached skill level 5 in Air Magic
  1994 | D:2      | Noticed Jessica
  2020 | D:2      | Killed Jessica
  2021 | D:2      | Gained mutation: Your magical nature lets you fly swiftly
                  | and evasively. [Tengu growth]
  2021 | D:2      | Reached XP level 5. HP: 19/31 MP: 6/9
  2438 | D:2      | Found a basalt altar of Yredelemnul.
  2645 | D:3      | Found Xeusol's Book Shoppe.
  2658 | D:3      | Found Oleics's Assorted Antiques.
  2719 | D:3      | Found Ylyddugh's Jewellery Shop.
  2904 | D:3      | Killed from afar by themself

Illustrated notes

Levels and vault maps discovered:
D:1:      dpeg_arrival_morbid_curiosity, layout_basic, serial_shops, shop
D:2:      layout_loops_cross, basic_altar, uniq_jessica
D:3:      layout_basic, grunt_gozag_statues, serial_shops, shop_fountains,
          nicolae_shop_competitors_out_of_business, nicolae_shop_statue_plus,
          nicolae_shop_advertising_works [nicolae_subvault_shop_adworks]

Skill      XL: |  1  2  3  4  5 |
---------------+----------------+-----
Conjurations   | 2 3 4 |  4.2
Fighting       | 1 2 |  2.8
Air Magic      | 5 |  5.6
Dodging        | |  2.1
Stealth        | |  2.0
Spellcasting   | |  2.0

Action                   |  1- 3 |  4- 6 || total
-------------------------+-------+-------++-------
Melee: Short sword       |     2 |    20 ||    22
       Peck              |     1 |     5 ||     6
       Kick              |       |     5 ||     5
 Cast: Shock             |    79 |    43 ||   122
       Static Discharge  |     1 |     6 ||     7
Armor: Robe              |     2 |     3 ||     5
Dodge: Dodged            |    19 |    35 ||    54

Table legend: (Time is in decaauts)
 A = Elapsed time spent in this place.
 B = Non-inter-level travel time spent in this place.
 C = Inter-level travel time spent in this place.
 D = Time resting spent in this place.
 E = Time spent auto-exploring this place.
 F = Levels seen in this place.
 G = Mean time per level.
                   A        B        C        D        E       F      G
               +--------+--------+--------+--------+--------+-----+--------+
         Total |   2851 |   2761 |     90 |    279 |   2120 |   3 |  950.3 |
       Dungeon |   2851 |   2761 |     90 |    279 |   2120 |   3 |  950.3 |
               +--------+--------+--------+--------+--------+-----+--------+

Top non-repeatable levels by time:
     D:1: 1541 daAuts
     D:2: 1136 daAuts
     D:3: 174 daAuts
